 Dungeon Crawl Stone Soup version 0.21.1-1-g345015f (webtiles) character file.

102 inc the Magician (level 4, -2/32 HPs)
             Began as a Gnoll Wizard on June 9, 2018.
             Slain by an orc
             ... wielding a +0 war axe
              (6 damage)
             ... on level 3 of the Dungeon.
             The game lasted 00:03:16 (2225 turns).

inc the Magician (Gnoll Wizard)                     Turns: 2225, Time: 00:03:17

Health: -2/32      AC:  6    Str: 11    XL:     4   Next: 77%
Magic:  4/13       EV: 14    Int: 20    God:
Gold:   193        SH:  0    Dex: 13    Spells: 14/17 levels left

rFire    . . .     SeeInvis .   e - +0 whip
rCold    . . .     Gourm    .   (no shield)
rNeg     . . .     Faith    .   i - +3 leather armour
rPois    .         Spirit   .   b - +0 hat
rElec    .         Reflect  .   (no cloak)
rCorr    .         Harm     .   (no gloves)
MR       .....                  (no boots)
Stlth    ++........             (no amulet)
HPRegen  0.10/turn              (no ring)
MPRegen  0.13/turn              (no ring)

@: no status effects
A: distributed training, fangs 1, strong nose
a: no special abilities


You were on level 3 of the Dungeon.
You were not hungry.

You visited 1 branch of the dungeon, and saw 3 of its levels.

You collected 193 gold pieces.

Inventory:

Hand Weapons
 e - a +0 whip (weapon)
Armour
 a - a +0 robe
 b - a +0 hat (worn)
 i - a +3 leather armour (worn)
Jewellery
 f - an uncursed amulet of faith
 k - a +3 ring of protection {unknown}
Wands
 r - a wand of acid (7)
Scrolls
 g - 3 scrolls of identify {unknown}
 l - a scroll of immolation {unknown}
 m - 2 scrolls of magic mapping {unknown}
 o - a scroll of noise {unknown}
 p - a scroll of amnesia {unknown}
Potions
 h - a potion of curing
 j - a potion of degeneration {unknown}
 n - a potion of resistance {unknown}
 q - a potion of berserk rage {unknown}
 s - a potion of ambrosia {unknown}
Books
 c - a book of Minor Magic

   Spells                             Type                      Level
   a - Magic Dart                     Conjuration                  1
   b - Blink                          Translocation                2
   c - Call Imp                       Summoning                    2
   d - Slow                           Hexes                        2
   e - Conjure Flame                  Conjuration/Fire             3
   f - Mephitic Cloud                 Conjuration/Poison/Air       3
Comestibles
 d - 3 rations


   Skills:
 + Level 1.2 Fighting
 + Level 1.2 Short Blades
 + Level 1.2 Long Blades
 + Level 1.2 Axes
 + Level 1.2 Maces & Flails
 + Level 1.2 Polearms
 + Level 1.2 Staves
 + Level 1.2 Slings
 + Level 1.2 Bows
 + Level 1.2 Crossbows
 + Level 1.2 Throwing
 + Level 1.2 Armour
 + Level 4.7 Dodging
 + Level 4.3 Stealth
 + Level 1.2 Shields
 + Level 1.2 Unarmed Combat
 + Level 7.2 Spellcasting
 + Level 2.3 Conjurations
 + Level 1.0 Hexes
 + Level 1.0 Charms
 + Level 2.3 Summonings
 + Level 1.0 Necromancy
 + Level 2.3 Translocations
 + Level 1.0 Transmutations
 + Level 1.0 Fire Magic
 + Level 1.0 Ice Magic
 + Level 1.0 Air Magic
 + Level 1.0 Earth Magic
 + Level 1.0 Poison Magic
 + Level 1.3 Invocations
 + Level 1.2 Evocations


You had 14 spell levels left.
You knew the following spells:

 Your Spells              Type           Power        Failure   Level  Hunger
a - Magic Dart            Conj           ###.         4%          1    None
b - Blink                 Tloc           N/A          7%          2    None


Dungeon Overview and Level Annotations

Branches:
Dungeon (3/15)

Altars:


Innate Abilities, Weirdness & Mutations

Your experience applies equally to all skills.
You have very sharp teeth.
Your uncanny sense of smell can sniff out nearby items.


Message History

The orc wizard casts a spell.
The orc wizard seems to speed up.
Casting: Magic Dart
Confirm with . or Enter, or press ? or * to list all spells.
Aiming: Magic Dart
Press: ? - help, Shift-Dir - straight line, f/p - orc
Aim: an orc, wielding a whip The magic dart hits the orc.
The orc is lightly wounded.
The orc hits you with a war axe.
* * * LOW HITPOINT WARNING * * *
Casting: Magic Dart
Confirm with . or Enter, or press ? or * to list all spells.
Aiming: Magic Dart
Press: ? - help, Shift-Dir - straight line, f/p - orc
Aim: an orc, wielding a whip The magic dart hits the orc.
The orc is lightly wounded.
The orc hits you with a war axe.
You die...

####..####### .........g.....##
## .###..#####.....###### ##.
.....................# ∆..#.#
..###.#####..... #.# #.#.#
..###.# ... #)# #.#.# .#....# #.#
#.# #.#.## ###.#.#######.######.#
#.....
.#.##......).ooo@.##.#######.....
....######.######.##.#....<......
#.#.## #.# #.##.#.#####...†.
#....#####.# #.##.#.# #.....
#..........# #.#..#.# #####.
#(...####### #....#.# ##. #o####
#......# #.. #{# ###.#### #§§ #.#
#.# #§§


You could see an orc wizard and 2 orcs.

Vanquished Creatures
  An orc wizard (D:3)
  An adder (D:2)
  An ooze (D:1)
  2 worms (D:2)
  4 dart slugs
  2 leopard geckos (D:1)
  A ball python (D:1)
  2 giant cockroaches
  2 hobgoblins
  2 jackals (D:1)
  A quokka (D:3)
  3 bats (D:1)
  5 frilled lizards
  5 goblins
  8 kobolds
  A quokka zombie (D:3)
  13 rats
54 creatures vanquished.

Notes
Turn   | Place    | Note
-------+----------+-------------------------------------------
     0 | D:1      | inc the Gnoll Wizard began the quest for the Orb.
     0 | D:1      | Reached XP level 1. HP: 13/13 MP: 8/8
   172 | D:1      | Reached XP level 2. HP: 19/19 MP: 1/10
   394 | D:1      | Learned a level 2 spell: Blink
   442 | D:1      | Reached XP level 3. HP: 25/25 MP: 7/11
  1033 | D:2      | Reached skill level 1 in Invocations
  1401 | D:2      | Reached skill level 1 in Fighting
  1401 | D:2      | Reached skill level 1 in Short Blades
  1401 | D:2      | Reached skill level 1 in Long Blades
  1401 | D:2      | Reached skill level 1 in Axes
  1401 | D:2      | Reached skill level 1 in Maces & Flails
  1401 | D:2      | Reached skill level 1 in Polearms
  1401 | D:2      | Reached skill level 1 in Staves
  1401 | D:2      | Reached skill level 1 in Slings
  1401 | D:2      | Reached skill level 1 in Bows
  1401 | D:2      | Reached skill level 1 in Crossbows
  1401 | D:2      | Reached skill level 1 in Throwing
  1401 | D:2      | Reached skill level 1 in Armour
  1401 | D:2      | Reached skill level 1 in Shields
  1401 | D:2      | Reached skill level 1 in Unarmed Combat
  1401 | D:2      | Reached skill level 1 in Evocations
  1516 | D:2      | Reached XP level 4. HP: 24/32 MP: 13/13
  2211 | D:3      | Reached skill level 1 in Hexes
  2211 | D:3      | Reached skill level 1 in Charms
  2211 | D:3      | Reached skill level 1 in Necromancy
  2211 | D:3      | Reached skill level 1 in Transmutations
  2211 | D:3      | Reached skill level 1 in Fire Magic
  2211 | D:3      | Reached skill level 1 in Ice Magic
  2211 | D:3      | Reached skill level 1 in Air Magic
  2211 | D:3      | Reached skill level 1 in Earth Magic
  2211 | D:3      | Reached skill level 1 in Poison Magic
  2225 | D:3      | Slain by an orc

Skill      XL: |  1  2  3  4 |
---------------+-------------+-----
Conjurations   | 2 |  2.3
Summonings     | 2 |  2.3
Translocations | 2 |  2.3
Invocations    | 1 |  1.3
Fighting       | 1 |  1.2
Short Blades   | 1 |  1.2
Long Blades    | 1 |  1.2
Axes           | 1 |  1.2
Maces & Flails | 1 |  1.2
Polearms       | 1 |  1.2
Staves         | 1 |  1.2
Slings         | 1 |  1.2
Bows           | 1 |  1.2
Crossbows      | 1 |  1.2
Throwing       | 1 |  1.2
Armour         | 1 |  1.2
Shields        | 1 |  1.2
Unarmed Combat | 1 |  1.2
Evocations     | 1 |  1.2
Hexes          | 1 |  1.0
Charms         | 1 |  1.0
Necromancy     | 1 |  1.0
Transmutations | 1 |  1.0
Fire Magic     | 1 |  1.0
Ice Magic      | 1 |  1.0
Air Magic      | 1 |  1.0
Earth Magic    | 1 |  1.0
Poison Magic   | 1 |  1.0
Dodging        | |  4.7
Stealth        | |  4.3
Spellcasting   | |  7.2

Action                   |  1- 3 |  4- 6 || total
-------------------------+-------+-------++-------
Melee: Unarmed           |     1 |       ||     1
       Whip              |    49 |    41 ||    90
       Bite              |     1 |     2 ||     3
       Punch             |       |     1 ||     1
 Cast: Magic Dart        |    66 |    16 ||    82
       Blink             |       |     2 ||     2
  Use: Potion            |       |     1 ||     1
 Stab: Sleeping          |     2 |     1 ||     3
       Distracted        |       |     1 ||     1
  Eat: Chunk             |     1 |     3 ||     4
Armor: Leather armour    |    16 |    11 ||    27
Dodge: Dodged            |    41 |    29 ||    70
